 Dungeon Crawl Stone Soup version 0.26.0-18-gc5c842f807 (webtiles) character file.

Game seed: 15144935475083227133

76 thiole the Sneak (level 4, -3/27 HPs)
             Began as an Octopode Hedge Wizard on Jan 23, 2021.
             Slain by an orc
             ... wielding a +0 mace
              (8 damage)
             ... on level 3 of the Dungeon.
             The game lasted 00:01:58 (3109 turns).

thiole the Sneak (Octopode Hedge Wizard)            Turns: 3109, Time: 00:01:59

Health: -3/27      AC:  1    Str:  9    XL:     4   Next: 32%
Magic:  5/9        EV: 13    Int: 17    God:
Gold:   80         SH:  0    Dex: 11    Spells: 1/9 levels left

rFire    . . .     SeeInvis .   c - +3 hand axe
rCold    . . .     Faith    .   (no shield)
rNeg     . . .     Spirit   .   b - +0 hat
rPois    .         Reflect  .   (no amulet)
rElec    .         Harm     .   (no ring)
rCorr    .         Rampage  .   (no ring)
Will     .....                  (no ring)
Stlth    +++.......             (no ring)
HPRegen  0.09/turn              (no ring)
MPRegen  0.11/turn              (no ring)
                                (no ring)
                                (no ring)

@: no status effects
A: almost no armour, stealthy swim, amphibious, 8 rings, constrict 8, camouflage
1, gelatinous body 1
a: no special abilities


You were on level 3 of the Dungeon.
You visited 1 branch of the dungeon, and saw 3 of its levels.

You collected 80 gold pieces.

Inventory:

Hand Weapons
 a - a +0 dagger
 c - a +3 hand axe (weapon)
Armour
 b - a +0 hat (worn)
Jewellery
 k - an uncursed ring of protection from fire {unknown}
 o - a cursed amulet of inaccuracy {unknown}
Scrolls
 d - 4 scrolls of identify
 e - 2 scrolls of fear {unknown}
 f - a scroll of blinking {unknown}
 g - 2 scrolls of amnesia {unknown}
 h - a scroll of enchant weapon {unknown}
 l - a scroll of noise {unknown}
 p - a scroll of teleportation {unknown}
Potions
 i - a potion of magic {unknown}
 j - a potion of cancellation {unknown}
 m - 2 potions of brilliance {unknown}
 n - a potion of curing {unknown}
 q - 2 potions of berserk rage {unknown}


   Skills:
 - Level 2.0 Dodging
 + Level 3.6 Stealth
 + Level 3.4 Spellcasting
 - Level 2.0 Conjurations
 - Level 2.0 Summonings
 - Level 1.0 Translocations
 * Level 1.1 Air Magic


You had one spell level left.
You knew the following spells:

 Your Spells              Type           Power        Failure   Level
a - Magic Dart            Conj           36%          8%          1
b - Call Imp              Summ           9%           11%         2
c - Slow                  Hex            2%           26%         2
d - Mephitic Cloud        Conj/Pois/Air  6%           32%         3

Your spell library contained the following spells:

 Spells                   Type           Power        Failure   Level
 Blink                    Tloc           N/A          17%         2
 Conjure Flame            Conj/Fire      6%           32%         3


Dungeon Overview and Level Annotations

Branches:
Dungeon (3/15)

Altars:
Ashenzari
Cheibriados
Hepliaklqana
The Shining One


Innate Abilities, Weirdness & Mutations

You cannot wear most types of armour.
You are very stealthy in the water. (Stealth+)
You are amphibious.
You can wear up to eight rings at the same time.
You can use your tentacles to constrict eight enemies at once.
Your skin changes colour to match your surroundings (Stealth+).
Your rubbery body absorbs attacks. (AC +1, EV +1)


Message History

The kobold closely misses you.
An orc comes into view. It is wielding a +0 mace.
The hobgoblin hits you with a +0 club.
The orc shouts!
You hit the hobgoblin.
You kill the hobgoblin!
You hit the kobold.
You kill the kobold!
Your magical contamination has completely faded away.
Things that are here:
a +0 short sword; a kobold corpse The orc hits you with a +0 mace.
* * * LOW HITPOINT WARNING * * *
You hit the orc. Your grab misses the orc.
The orc is lightly wounded.
The orc completely misses you.
You barely miss the orc. Your grab misses the orc.
The orc is lightly wounded.
The orc hits you with a +0 mace!
You die...

#.# ##..........# ##.##
##.#.....### ....# ## ##
###.....# ...## ##.#.## ###.###
#.## ##.#.#.## ##..## ###
##.#.#)#(## #.##..#
##.#.##..#.##.# ##.#
##.#.##..#.##o# ##..#
##.#.##.(#.##@# ##...# ######
##.#.##.#..##)#.##.#.## #.....
##.#.##.#..##.#.##.#.## ##.####
#.#.##.#..##)#.##.#.######...###
#.#.##.#.#.#.##.#.####.........
##)#.##.#.#.##.#.##.##.##...###
##.#.##.#.##.#.##..##.###.##
##[#.## ##.#.###..##.....#
##.#.###.#.## #..##.#####


You could see an orc.

Vanquished Creatures
  Robin (D:2)
  An adder (D:3)
  A leopard gecko (D:2)
  An orc (D:3)
  2 giant cockroaches
  9 goblins
  6 hobgoblins
  10 kobolds
  3 quokkas
  3 ball pythons (D:1)
  3 bats
  5 frilled lizards
  7 rats
52 creatures vanquished.

Notes
Turn   | Place    | Note
-------+----------+-------------------------------------------
     0 | D:1      | thiole the Octopode Hedge Wizard began the quest for the
                  | Orb.
     0 | D:1      | Reached XP level 1. HP: 11/11 MP: 4/4
   316 | D:1      | Reached XP level 2. HP: 17/17 MP: 1/6
  1186 | D:1      | Reached XP level 3. HP: 21/21 MP: 3/7
  1613 | D:2      | Found a broken altar of Ashenzari.
  1613 | D:2      | Found a glowing golden altar of the Shining One.
  1742 | D:2      | Noticed Robin
  1759 | D:2      | Killed Robin
  2027 | D:2      | Learned a level 2 spell: Call Imp
  2030 | D:2      | Learned a level 2 spell: Slow
  2034 | D:2      | Learned a level 3 spell: Mephitic Cloud
  2226 | D:2      | Found a snail-covered altar of Cheibriados.
  2355 | D:2      | Found a hazy altar of Hepliaklqana.
  2463 | D:3      | Reached XP level 4. HP: 27/27 MP: 3/9
  2972 | D:3      | Reached skill level 1 in Air Magic
  3109 | D:3      | Slain by an orc

Illustrated notes

Levels and vault maps discovered:
D:1:      tarquinn_simple_flora_water_e, layout_basic,
          minmay_misc_feat_four_crosses, grunt_decor_one_mirror
D:2:      layout_loops_ring, nzn_hepliaklqana_mist_gate, lemuel_crystal_altar,
          gammafunk_temple_overflow_pools, uniq_robin
D:3:      minmay_inner_zag, layout_loops_ring, uniq_sigmund

Skill      XL: |  1  2  3  4 |
---------------+-------------+-----
Stealth        | 3 |  3.6
Summonings     | 2 |  2.0
Conjurations   | 2 |  2.0
Air Magic      | 1 |  1.1
Dodging        | |  2.0
Spellcasting   | |  3.4
Translocations | |  1.0

Action                   |  1- 3 |  4- 6 || total
-------------------------+-------+-------++-------
Melee: Dagger            |     2 |       ||     2
       Constrict         |     2 |     3 ||     5
       Tentacles         |     2 |       ||     2
       Hand axe          |    12 |    14 ||    26
 Cast: Magic Dart        |    81 |    21 ||   102
  Use: Scroll            |     1 |       ||     1
Armor: Skin              |       |     1 ||     1
Dodge: Dodged            |    20 |     6 ||    26
